 Dungeon Crawl Stone Soup version 0.31-a0-210-gccc998df9b (webtiles) character file.

Game seed: 3336709463170499721

106 qw the Shooter (level 4, -2/36 HPs)
             Began as a Minotaur Hexslinger on June 30, 2023.
             Slain by a gnoll
             ... wielding a +0 spear
              (5 damage)
             ... on level 3 of the Dungeon.
             The game lasted 00:00:36 (1860 turns).

qw the Shooter (Minotaur Hexslinger)                Turns: 1860, Time: 00:00:36

Health: -2/36      AC:  3    Str: 12      XL:     4   Next: 55%
Magic:  4/4        EV: 12    Int:  8 (10) God:
Gold:   228        SH:  5    Dex: 12 (15) Spells: 4/5 levels left

rFire   . . .        Y - +1 sling (drain)
rCold   . . .        (no shield)
rNeg    . . .        c - +0 robe
rPois   .            (helmet restricted)
rElec   .            (no cloak)
rCorr   .            (no gloves)
SInv    .            g - +0 pair of boots
Will    .....        e - amulet of reflection
Stlth   +            (no ring)
HPRegen 0.26/turn    (no ring)
MPRegen 0.09/turn

%: reflection
@: no status effects
A: horns 2, retaliatory headbutt
a: no special abilities


You were on level 3 of the Dungeon.
You visited 1 branch of the dungeon, and saw 3 of its levels.

You collected 228 gold pieces.


Innate Abilities, Weirdness & Mutations

You have a pair of horns on your head.
You reflexively headbutt those who attack you in melee.


   Skills:
 + Level 2.2 Fighting
 - Level 5.0 Ranged Weapons
 - Level 2.1 Dodging
 - Level 1.0 Spellcasting
 - Level 2.0 Hexes


You had 4 spell levels left.
You knew the following spells:

 Your Spells              Type           Power      Damage    Failure   Level
a - Slow                  Hex            12%        N/A       17%         1

Your spell library contained the following spells:

 Spells                   Type           Power      Damage    Failure   Level
 Inner Flame              Hex/Fire       2%         N/A       61%         3
 Portal Projectile        Hex/Tloc       4%         N/A       61%         3
 Cause Fear               Hex            1%         N/A       86%         4

Inventory:

Hand Weapons
 Y - a +1 sling of draining (weapon)
Armour
 c - a +0 robe (worn)
 g - a +0 pair of boots (worn)
Jewellery
 e - an amulet of reflection (around neck)
Scrolls
 a - a scroll of identify
Potions
 f - a potion of might
 i - a potion of brilliance {unknown}
 j - a potion of curing {unknown}
 k - a potion of haste

Dungeon Overview and Level Annotations

Branches:
Dungeon (3/15)

Altars:
Cheibriados
Sif Muna


Message History

The sling bullet hits the orc but does no damage.
The gnoll throws a throwing net.
The throwing net hits you.
You become entangled in the net!
1851 ||| FLEEEEING.
You struggle against the net.
Something hits you.
1852 ||| FLEEEEING.
You tear a large gash into the net.
Something hits you but does no damage.
1853 ||| FLEEEEING.
You shred the net and break free! Something hits you.
A gnoll comes into view. It is wielding a +0 spear.
You shoot a sling bullet. The sling bullet barely misses the orc.
Something hits you.
A gnoll comes into view. It is wielding a +0 flail.
You shoot a sling bullet. The sling bullet hits the gnoll.
You drain the gnoll.
The gnoll is moderately wounded.
Something hits you.
You shoot a sling bullet.
The sling bullet hits the gnoll but does no damage.
Something hits you.
A gnoll comes into view. It is wielding a +0 flail.
You shoot a sling bullet.
The sling bullet closely misses the gnoll.
The sling bullet hits the gnoll.
The gnoll is lightly wounded.
Something hits you. You block the gnoll's attack.
You shoot a sling bullet.
The sling bullet closely misses the gnoll.
The sling bullet hits the gnoll but does no damage.
The gnoll is lightly wounded.
The gnoll hits you from afar with a +0 spear!
Something hits you.
You shoot a sling bullet.
The sling bullet closely misses the gnoll.
You block the gnoll's attack. Something hits you but does no damage.
You shoot a sling bullet.
The sling bullet hits the gnoll but does no damage.
The gnoll is lightly wounded.
The gnoll hits you but does no damage. Something hits you.
The gnoll hits you from afar with a +0 spear.
You die...

#### ...# ### #.. ..#
#####.g######## #.#
......g{@....(# #.# ###
.####.g######.# #.###.##
.......####.###.##...##
####...........).#%....#
#.g#.##..............
#.o #.#.##..#.....# o..
......#..##.....
...#.......#..###.###
............# ###


You could see 3 gnolls.

Vanquished Creatures
  A jelly (D:3)
  An orc wizard (D:3)
  2 worms (D:2)
  2 orcs (D:3)
  3 ball pythons (D:2)
  5 endoplasms
  2 giant cockroaches (D:2)
  6 goblins
  4 hobgoblins
  3 kobolds
  A quokka (D:3)
  7 bats
  A frilled lizard (D:2)
  4 rats
42 creatures vanquished.

Notes
Turn   | Place    | Note
-------+----------+-------------------------------------------
     0 | D:1      | qw the Minotaur Hexslinger began the quest for the Orb.
     0 | D:1      | Reached XP level 1. HP: 16/16 MP: 1/1
     0 | D:1      | 0 ||| qw: Version: 0.3-a-26-gee661ec
     0 | D:1      | 0 ||| qw: Game counter: 7163
     0 | D:1      | 0 ||| qw: Melee chars always use a shield: true
     0 | D:1      | 0 ||| qw: God list: Okawaru
     0 | D:1      | 0 ||| qw: Allow faded altars: false
     0 | D:1      | 0 ||| qw: Do Orc after clearing Dungeon:15 true
     0 | D:1      | 0 ||| qw: Do second Lair branch before Depths: true
     0 | D:1      | 0 ||| qw: Lair rune preference: random
     0 | D:1      | 0 ||| qw: Goals: Normal
     0 | D:1      | 0 ||| PLANNING D:1-11
   275 | D:1      | Reached skill level 3 in Ranged Weapons
   285 | D:1      | Reached XP level 2. HP: 13/23 MP: 2/2
   343 | D:1      | Found a faded altar of an unknown god.
   734 | D:1      | 734 ||| READING 3 scrolls labelled WAKHOBR VAMOMU.
   735 | D:1      | 735 ||| READING scroll labelled TODOOSE LIBIUT.
   736 | D:1      | 736 ||| READING scroll labelled DEIQUB OPRUBEE.
   737 | D:1      | 737 ||| DROPPING scroll of poison.
   893 | D:2      | Reached XP level 3. HP: 18/29 MP: 3/3
  1364 | D:2      | Reached skill level 4 in Ranged Weapons
  1722 | D:2      | 1722 ||| UPGRADING to +0 pair of boots.
  1727 | D:2      | 1727 ||| UPGRADING to amulet of reflection.
  1732 | D:2      | 1732 ||| READING scroll labelled KAAQOE VAUL.
  1736 | D:2      | 1736 ||| READING scroll labelled BIGRIRI WUVVO.
  1737 | D:2      | 1737 ||| DRINKING 2 yellow potions.
  1738 | D:2      | 1738 ||| DRINKING 2 white potions.
  1739 | D:2      | 1739 ||| READING 2 scrolls of identify.
  1739 | D:2      | 1739 ||| IDENTIFYING lumpy coppery potion
  1740 | D:2      | 1740 ||| DROPPING potion of degeneration.
  1791 | D:3      | Found a shimmering blue altar of Sif Muna.
  1791 | D:3      | Found a snail-covered altar of Cheibriados.
  1841 | D:3      | Reached XP level 4. HP: 36/36 MP: 4/4
  1843 | D:3      | Reached skill level 5 in Ranged Weapons
  1844 | D:3      | 1844 ||| Stepping ~*~*~tactically~*~*~ (outnumbered).
  1851 | D:3      | 1851 ||| FLEEEEING.
  1852 | D:3      | 1852 ||| FLEEEEING.
  1853 | D:3      | 1853 ||| FLEEEEING.
  1858 | D:3      | HP: 7/36 [something (3)]
  1860 | D:3      | HP: 3/36 [something (4)]
  1860 | D:3      | Slain by a gnoll

Levels and vault maps discovered:
D:1:      heliophobic_arrival_henge, layout_loops_ring,
          ebering_ecumenical_altar_hall, chequers_serial_rivers_large_b
D:2:      layout_loops_corners
D:3:      layout_loops_ring, nicolae_overflow_two_pavilions, minivault_14,
          minmay_pentangle

Skill      XL: |  1  2  3  4 |
---------------+-------------+-----
Ranged Weapons | 3 4 5 |  5.0
Fighting       | 2 |  2.2
Dodging        | |  2.1
Spellcasting   | |  1.0
Hexes          | |  2.0

Action                     |  1- 3 |  4- 6 || total
---------------------------+-------+-------++-------
   Fire: Sling             |   110 |    16 ||   126
    Use: Scroll            |     6 |       ||     6
         Potion            |     2 |       ||     2
 Armour: Robe              |     6 |     3 ||     9
  Dodge: Dodged            |    28 |     3 ||    31
  Block: Other             |       |     5 ||     5
         Reflection        |       |     1 ||     1

Table legend:
 A = Non-vault XP
 B = Vault XP
 C = Vault XP percentage of total XP
 D = Non-vault monster count
 E = Vault monster count
 F = Vault count percentage of total count
                 A         B        C        D         E       F
            +---------+---------+-------+---------+---------+-------
      Total |     152 |       0 |   0.0 |      42 |       0 |   0.0
            +---------+---------+-------+---------+---------+-------
        D:1 |      22 |       0 |   0.0 |      13 |       0 |   0.0
        D:2 |      45 |       0 |   0.0 |      22 |       0 |   0.0
        D:3 |      85 |       0 |   0.0 |       7 |       0 |   0.0
            +---------+---------+-------+---------+---------+-------
